 Dungeon Crawl Stone Soup version 0.27-a0-732-ga892ba84f6 (webtiles) character file.

Game seed: 10265343437361558662

51 sleeves the Sneak (level 3, -3/28 HPs)
             Began as a Naga Earth Elementalist on Mar 23, 2021.
             Slain by an orc
             ... wielding a +0 mace of protection
              (6 damage)
             ... on level 3 of the Dungeon.
             The game lasted 00:03:47 (2331 turns).

sleeves the Sneak (Naga Earth Elementalist)         Turns: 2331, Time: 00:03:48

Health: -3/28      AC:  2    Str: 10    XL:     3   Next: 83%
Magic:  0/6        EV:  9    Int: 16    God:
Gold:   69         SH:  0    Dex: 11    Spells: 5/6 levels left

rFire    . . .     SeeInvis +   a - +0 dagger
rCold    . . .     Faith    .   (no shield)
rNeg     . . .     Spirit   .   c - +0 robe
rPois    +         Reflect  .   (no helmet)
rElec    .         Harm     .   (no cloak)
rCorr    .         Rampage  .   (no gloves)
Will     .....                  (no barding)
Stlth    +++.......             (no amulet)
HPRegen  0.09/turn              (no ring)
MPRegen  0.10/turn              (no ring)

@: short of breath, very slow
A: AC +1, large, see invisible, deformed body, poison resistance, slowness 2,
spit poison 1, naga tail 1
a: Spit Poison


You were on level 3 of the Dungeon.
You visited 1 branch of the dungeon, and saw 3 of its levels.

You collected 69 gold pieces.

Inventory:

Hand Weapons
 a - a +0 dagger (weapon)
   (You took it off a kobold on level 1 of the Dungeon)
Missiles
 b - 83 stones
Armour
 c - a +0 robe (worn)
Scrolls
 e - a scroll of torment {unknown}
 f - a scroll of identify {unknown}
 g - a scroll of magic mapping {unknown}
 h - 2 scrolls of immolation {unknown}
Potions
 d - a potion of curing {unknown}


   Skills:
 - Level 1.5 Dodging
 + Level 4.9 Stealth
 - Level 2.0 Spellcasting
 - Level 1.0 Transmutations
 + Level 3.9 Earth Magic


You had 5 spell levels left.
You knew the following spells:

 Your Spells              Type           Power      Damage    Failure   Level
a - Sandblast             Erth           28%        2d8       4%          1

Your spell library contained the following spells:

 Spells                   Type           Power      Damage    Failure   Level
 Passwall                 Tmut/Erth      7%         N/A       12%         2
 Stone Arrow              Conj/Erth      14%        3d7       28%         3
 Petrify                  Tmut/Erth      9%         N/A       58%         4
 Lee's Rapid Deconstruct  Erth           7%         3d7*      75%         5


Dungeon Overview and Level Annotations

Branches:
Dungeon (3/15)

Altars:


Innate Abilities, Weirdness & Mutations

Your serpentine skin is tough. (AC +1)
You have supernaturally acute eyesight. (SInv)
Armour fits poorly on your strangely shaped body.
Your system is resistant to poisons. (rPois)
You cover ground very slowly.
You can spit poison.
You have a snake-like lower body.


Message History

Welcome, sleeves the Naga Earth Elementalist.
It is said that the Orb of Zot exists deep within this dungeon.
Press ? for a list of commands and other information.
Found a staircase leading out of the dungeon.
Okay, then.
You enter the shallow water.
Moving in this stuff is going to be slow.
A quokka comes into view.
A quokka is nearby!
A quokka is nearby!
Press: ? - help, Shift-Dir - straight line, f - quokka
Aim: a quokka The splash of poison hits the quokka.
The quokka is moderately wounded.
The quokka bites you. The quokka closely misses you.
You hit the quokka but do no damage.
The quokka is moderately wounded.
The quokka barely misses you.
Casting: Sandblast (safe; 6% risk of failure)
Confirm with . or Enter, or press ? or * to list all spells.
Aiming: Sandblast (safe; 6% risk of failure)
Press: ? - help, Shift-Dir - straight line, f/p - quokka
Aim: a quokka (moderately wounded, 29% to evade)
The blast of sand hits the quokka.
You kill the quokka!
You have got your breath back.
Magic restored.
HP restored.
An ooze comes into view.
An ooze is nearby!
An ooze is nearby!
An ooze is nearby!
The ooze jiggles.
A hobgoblin comes into view.
Casting: Sandblast (safe; 6% risk of failure)
Confirm with . or Enter, or press ? or * to list all spells.
Aiming: Sandblast (safe; 6% risk of failure)
Press: ? - help, Shift-Dir - straight line, f - ooze
Aim: an ooze (2% to evade)
The blast of sand hits the ooze!
You kill the ooze!
Unknown command.
Press: ? - help, Shift-Dir - straight line, f - hobgoblin
Aim: a hobgoblin The splash of poison hits the hobgoblin.
The hobgoblin is poisoned.
The hobgoblin is moderately wounded.
You hit the hobgoblin.
You kill the hobgoblin!
You see here a hobgoblin corpse.
You have got your breath back.
You see here a hobgoblin corpse.
Found a hand axe.
Found an escape hatch in the floor.
Found a stone staircase leading down.
A kobold comes into view. It is wielding a +0 dagger.
A kobold is nearby!
A bat and a rat come into view.
Press: ? - help, Shift-Dir - straight line, f - rat
Aim: a rat The splash of poison hits the rat.
The rat is poisoned.
The rat is heavily wounded.
You kill the rat!
You have got your breath back.
The kobold shouts!
Press: ? - help, Shift-Dir - straight line, f - kobold
Aim: a kobold, wielding a +0 dagger The splash of poison hits the kobold.
The kobold is poisoned.
You kill the kobold!
A goblin comes into view. It is wielding a +0 dagger.
You have got your breath back.
Found a ring mail.
Found a whip.
Things that are here:
a +0 dagger; a kobold corpse
a - a +0 dagger
a - a +0 dagger (weapon)
The goblin shouts!
The bat closely misses you. The bat barely misses you.
The bat barely misses you. The bat hits you. The bat hits you.
You swing at nothing.
You miss the bat. The bat hits you but does no damage. x2
You barely miss the bat. The bat hits you but does no damage. x2
You barely miss the bat. The bat completely misses you.
You barely miss the bat. The bat hits you but does no damage.
The bat completely misses you.
You closely miss the bat. The bat hits you but does no damage. x2
You closely miss the bat. The bat hits you.
You barely miss the bat. The bat hits you but does no damage.
The bat closely misses you.
You hit the bat but do no damage. The bat hits you.
You hit the bat but do no damage. The bat barely misses you.
The bat closely misses you.
You closely miss the bat. The bat hits you. The bat barely misses you.
Press: ? - help, Shift-Dir - straight line, f/p - bat
Aim: a bat The splash of poison hits the bat.
You kill the bat!
You have reached level 2!
You hit the goblin.
The goblin is severely wounded.
The goblin closely misses you.
You barely miss the goblin.
The goblin is severely wounded.
The goblin barely misses you.
You closely miss the goblin.
The goblin is severely wounded.
The goblin hits you with a +0 dagger.
You closely miss the goblin.
The goblin is severely wounded.
The goblin hits you but does no damage.
You closely miss the goblin.
The goblin is severely wounded.
You have got your breath back.
The goblin hits you but does no damage.
You hit the goblin.
You kill the goblin!
You start resting.
A frilled lizard comes into view.
You start resting.
HP restored.
An ooze comes into view.
An ooze is nearby!
An ooze is nearby!
An ooze is nearby!
The helpless ooze fails to defend itself.
You puncture the ooze!
You kill the ooze!
No target in view!
A kobold comes into view. It is wielding a +0 whip.
A kobold is nearby!
A kobold is nearby!
A kobold is nearby!
You see here a sedimented blue potion.
Casting: Sandblast (safe; 6% risk of failure)
Confirm with . or Enter, or press ? or * to list all spells.
You don't know that spell.
Press: ? - help, Shift-Dir - straight line, f - kobold
Aim: a kobold, wielding a +0 whip The splash of poison hits the kobold.
The kobold is poisoned.
The kobold is heavily wounded.
You hit the kobold.
You kill the kobold!
No target in view!
d - a sedimented blue potion You have got your breath back.
A rat comes into view.
There are monsters nearby!
There are monsters nearby!
You barely miss the frilled lizard.
The frilled lizard hisses angrily.
The frilled lizard bites you.
You closely miss the frilled lizard. The frilled lizard barely misses you.
You hit the frilled lizard.
You kill the frilled lizard!
Found 6 gold pieces.
You hit the rat but do no damage. The rat bites you but does no damage.
You completely miss the rat. The rat bites you.
You hit the rat.
You kill the rat!
No target in view!
Found a chain mail.
You now have 6 gold pieces.
Found a robe.
An ooze comes into view.
An ooze is nearby!
An ooze is nearby!
An ooze is nearby!
You see here a +0 robe.
Found a whip.
The helpless ooze fails to defend itself.
You puncture the ooze!
You kill the ooze!
Found a stone staircase leading down.
You see here a +0 whip.
Found a stone staircase leading down.
A frilled lizard comes into view.
A frilled lizard is nearby!
Press: ? - help, Shift-Dir - straight line, f - frilled lizard
Aim: a frilled lizard The splash of poison hits the frilled lizard.
The frilled lizard is poisoned.
You kill the frilled lizard!
You have got your breath back.
You now have 22 gold pieces (gained 16).
You enter the shallow water.
Moving in this stuff is going to be slow.
A bat comes into view.
A bat is nearby!
A bat is nearby!
No reachable target in view!
No reachable target in view!
Unknown command.
No reachable target in view!
No reachable target in view!
Unknown command.
A frilled lizard comes into view.
The frilled lizard hisses angrily.
You hear an angry hiss.
The bat closely misses you.
A ball python comes into view.
The bat barely misses you.
The frilled lizard bites the plant.
The plant begins to die.
The bat hits you but does no damage. The bat hits you.
The frilled lizard bites you.
Press: ? - help, Shift-Dir - straight line, f - frilled lizard
Aim: a frilled lizard The splash of poison misses the frilled lizard.
The splash of poison hits the plant.
The plant is lightly damaged.
The bat hits you but does no damage. The frilled lizard barely misses you.
You barely miss the frilled lizard. The bat barely misses you.
The bat hits something.
The frilled lizard barely misses you.
Casting: Sandblast (safe; 5% risk of failure)
Confirm with . or Enter, or press ? or * to list all spells.
Aiming: Sandblast (safe; 5% risk of failure)
Press: ? - help, Shift-Dir - straight line, f/p - frilled lizard
Aim: a frilled lizard (34% to evade)
The blast of sand hits the frilled lizard.
You kill the frilled lizard!
A nearby plant withers and dies.
The bat hits you but does no damage.
Your Stealth skill increases to level 4!
You have got your breath back.
The bat hits you. The bat barely misses you.
A nearby plant withers and dies.
You swing at nothing.
You swing at nothing.
You swing at nothing.
You swing at nothing.
You swing at nothing.
You swing at nothing.
You swing at nothing.
You swing at nothing.
The ball python bites something.
The ball python grabs something.
The ball python constricts something.
Press: ? - help, Shift-Dir - straight line, f - ball python
Aim: a ball python (constricting a plant, wandering, hasn't noticed you)
Your line of fire to the ball python is blocked by a plant.
Continue anyway?
Okay, then.
You enter the shallow water.
Moving in this stuff is going to be slow.
The ball python loses its grip on the plant.
Press: ? - help, Shift-Dir - straight line, f/p - ball python
Aim: a ball python (wandering, hasn't noticed you)
You fail to use your ability.
The ball python hisses angrily.
A nearby plant withers and dies.
The ball python bites you but does no damage.
You hit the ball python.
The ball python is moderately wounded.
The ball python barely misses you. x2
You barely miss the ball python.
The ball python is moderately wounded.
The ball python bites you but does no damage.
The bat closely misses you.
You closely miss the ball python.
The ball python is moderately wounded.
The bat closely misses you. The bat hits you but does no damage.
The ball python bites you.
You closely miss the ball python.
The ball python is moderately wounded.
The bat hits you but does no damage. The ball python barely misses you.
You hit the ball python.
You kill the ball python!
The bat hits you but does no damage. The bat hits you but does no damage.
The bat hits you. The bat hits you but does no damage.
The bat completely misses you.
You hit the bat.
You kill the bat!
You hit the plant.
The plant begins to die.
The plant is lightly damaged.
A nearby plant withers and dies.
You enter the shallow water.
Moving in this stuff is going to be slow.
You see here a bat corpse.
A goblin comes into view. It is wielding a +0 dagger.
A goblin is nearby!
A goblin is nearby!
The goblin shouts!
The goblin barely misses you. The goblin hits you with a +0 dagger.
You hit the goblin.
The goblin is severely wounded.
The goblin hits you with a +0 dagger.
You barely miss the goblin.
The goblin is severely wounded.
The goblin hits you with a +0 dagger.
You miss the goblin.
The goblin is severely wounded.
The goblin splashes around in the water.
You hit the goblin.
You kill the goblin!
You hear a splash.
You see here a +0 dagger.
Key pressed, stopping explore.
Done exploring.
Done exploring.
Done exploring.
(D) Dungeon
Where to? (? - help)
There is a stone staircase leading down here.
You climb downwards.
There is a stone staircase leading up here.
A rat comes into view.
A rat is nearby!
A rat is nearby!
A goblin comes into view. It is wielding a +0 dagger.
The goblin shouts!
Found an escape hatch in the ceiling.
Press: ? - help, Shift-Dir - straight line, f - goblin
Aim: a goblin, wielding a +0 dagger The splash of poison hits the goblin.
You kill the goblin!
You hit the rat.
You kill the rat!
No target in view!
No target in view!
You have got your breath back.
An ooze comes into view.
An ooze is nearby!
An ooze is nearby!
An ooze is nearby!
The ooze quivers.
You hit the ooze.
The ooze is moderately wounded.
The ooze freezes you.
You are frozen.
You hit the ooze.
The ooze is almost dead.
The ooze freezes you.
You are frozen.
You barely miss the ooze.
The ooze is almost dead.
The ooze hits you.
You are too injured to fight recklessly!
You are too injured to fight recklessly!
Okay, then.
You hit the ooze.
You kill the ooze!
You start resting.
HP restored.
Found a hunting sling.
You see here a +0 hunting sling.
Found a dagger.
A kobold comes into view. It is wielding a +0 whip.
The kobold shouts!
The kobold throws a stone.
The stone hits you.
You hit the kobold.
The kobold is severely wounded.
The kobold closely misses you.
You closely miss the kobold.
The kobold is severely wounded.
The kobold hits you with a +0 whip.
You hit the kobold.
You kill the kobold!
b - 32 stones (gained 5)
You see here a +0 whip.
You now have 31 gold pieces (gained 9).
A bat comes into view.
A bat is nearby!
A bat is nearby!
A bat is nearby!
The helpless bat fails to defend itself.
You puncture the bat!
You kill the bat!
Found a stone staircase leading down.
You now have 44 gold pieces (gained 13).
b - 54 stones (gained 22)
A worm comes into view.
A worm is nearby!
A worm is nearby!
Unknown command.
Casting: Sandblast (safe; 5% risk of failure)
Confirm with . or Enter, or press ? or * to list all spells.
Aiming: Sandblast (safe; 5% risk of failure)
Press: ? - help, Shift-Dir - straight line, f - worm
Aim: a worm (7% to evade)
You miscast Sandblast.
You are very lightly contaminated with residual magic.
Nothing appears to happen.
Press: ? - help, Shift-Dir - straight line, f/p - worm
Aim: a worm The splash of poison misses the worm.
You have got your breath back.
Your magical contamination has completely faded away.
Press: ? - help, Shift-Dir - straight line, f/p - worm
Aim: a worm The splash of poison hits the worm.
The worm is poisoned.
The worm is moderately wounded.
Casting: Sandblast (safe; 5% risk of failure)
Confirm with . or Enter, or press ? or * to list all spells.
Aiming: Sandblast (safe; 5% risk of failure)
Press: ? - help, Shift-Dir - straight line, f/p - worm
Aim: a worm (moderately wounded, poisoned, 7% to evade)
The blast of sand hits the worm!
The worm is almost dead.
You hit the worm.
You kill the worm!
You have reached level 3!
Your experience leads to an increase in your attributes!
Increase (S)trength, (I)ntelligence, or (D)exterity?
You feel clever.
Your skin feels tougher.
You have got your breath back.
Magic restored.
e - a scroll labelled RUENAD VUZUMET
b - 77 stones (gained 24)
A bat comes into view.
A bat is nearby!
A bat is nearby!
The bat closely misses you.
Found a stone staircase leading up.
You closely miss the bat. The bat closely misses you. x2
The bat barely misses you. The bat hits you.
The bat hits you but does no damage. The bat barely misses you.
You hit the bat.
The bat is moderately wounded.
The bat closely misses you. The bat barely misses you.
The bat closely misses you. The bat barely misses you. x2
You hit the bat but do no damage.
The bat is moderately wounded.
The bat hits you but does no damage. The bat barely misses you.
The bat hits you.
You hit the bat.
You kill the bat!
No target in view!
No target in view!
A kobold comes into view. It is wielding a +0 short sword.
A kobold is nearby!
A kobold is nearby!
A kobold is nearby!
An orc comes into view. It is wielding a +0 mace.
The helpless kobold fails to defend itself.
You puncture the kobold!
You kill the kobold!
The orc shouts!
Press: ? - help, Shift-Dir - straight line, f - orc
Aim: an orc, wielding a +0 mace The splash of poison hits the orc!
The orc is poisoned.
You kill the orc!
b - 81 stones (gained 4)
Things that are here:
a +0 short sword; a kobold corpse You have got your breath back.
Things that are here:
a +0 mace; an orc corpse
Found a spear.
Found a stone staircase leading down.
Found an escape hatch in the floor.
There is an escape hatch in the floor here.
As you open the door, it creaks loudly!
There is an open door here.
A jackal comes into view. x2
The jackal moves out of view.
A jackal is nearby!
A jackal is nearby!
A jackal is nearby!
A jackal is nearby!
A jackal comes into view.
The jackal barks!
You hear a bark!
A jackal comes into view.
The jackal barks!
The jackal barely misses you.
The jackal bites you but does no damage.
The jackal barely misses you.
The jackal barks!
You hit the jackal.
The jackal is lightly wounded.
The jackal closely misses you. The jackal barely misses you.
You barely miss the jackal.
The jackal is lightly wounded.
The jackal barks!
You hit the jackal but do no damage. The jackal closely misses you.
You closely miss the jackal.
The jackal bites you but does no damage.
You closely miss the jackal.
The jackal bites you but does no damage.
The jackal bites you.
You closely miss the jackal. The jackal closely misses you.
You hit the jackal.
The jackal is heavily wounded.
The jackal bites you. The jackal barely misses you.
You hit the jackal.
You kill the jackal!
The jackal barely misses you.
You closely miss the jackal.
The jackal is lightly wounded.
The jackal bites you.
You barely miss the jackal.
The jackal is lightly wounded.
The jackal bites you.
You closely miss the jackal.
The jackal is lightly wounded.
The jackal bites you but does no damage. x2
You hit the jackal but do no damage.
The jackal is lightly wounded.
The jackal bites you.
You closely miss the jackal.
The jackal is lightly wounded.
The jackal bites you but does no damage.
The jackal bites you.
Press: ? - help, Shift-Dir - straight line, f - jackal
Aim: a jackal (lightly wounded)
The splash of poison hits the jackal but does no damage.
The jackal is lightly wounded.
The jackal misses you.
Casting: Sandblast (safe; 4% risk of failure)
Confirm with . or Enter, or press ? or * to list all spells.
Aiming: Sandblast (safe; 4% risk of failure)
Press: ? - help, Shift-Dir - straight line, f/p - jackal
Aim: a jackal (lightly wounded, 26% to evade)
The blast of sand hits the jackal.
You kill the jackal!
The jackal bites you.
You completely miss the jackal.
You have got your breath back.
The jackal closely misses you.
Casting: Sandblast (safe; 4% risk of failure)
Confirm with . or Enter, or press ? or * to list all spells.
Aiming: Sandblast (safe; 4% risk of failure)
Press: ? - help, Shift-Dir - straight line, f - jackal
Aim: a jackal (26% to evade)
The blast of sand hits the jackal!
You kill the jackal!
The jackal misses you.
Press: ? - help, Shift-Dir - straight line, f - jackal
Aim: a jackal The splash of poison misses the jackal.
The jackal closely misses you. x2
You barely miss the jackal. The jackal barely misses you.
You barely miss the jackal. The jackal barely misses you.
The jackal closely misses you.
You have got your breath back.
The jackal bites you.
* * * LOW HITPOINT WARNING * * *
Press: ? - help, Shift-Dir - straight line, f/p - jackal
Aim: a jackal The splash of poison hits the jackal.
The jackal is poisoned.
You kill the jackal!
You have got your breath back.
You see here a jackal corpse.
Things that are here:
a jackal corpse; a jackal corpse; a jackal corpse You open the door.
A rat comes into view.
There is an open door here.
A rat is nearby!
A rat is nearby!
Unknown command.
The helpless rat fails to defend itself.
You puncture the rat!
You kill the rat!
No target in view!
You open the door.
There is an open door here.
Found 11 bolts.
f - a scroll labelled PUXKO IREX A goblin comes into view.
It is wielding a +0 club.
A goblin is nearby!
The goblin shouts!
You hit the goblin.
The goblin is heavily wounded.
The goblin barely misses you.
You hit the goblin.
You kill the goblin!
No target in view!
Things that are here:
a +0 club; a goblin corpse
Things that are here:
a +0 club; a goblin corpse A frilled lizard comes into view.
A frilled lizard is nearby!
A frilled lizard is nearby!
The frilled lizard hisses angrily.
The frilled lizard bites you.
You hit the frilled lizard.
You kill the frilled lizard!
No target in view!
No target in view!
Found a stone staircase leading up.
Found a quarterstaff.
You open the door.
You see here a +0 quarterstaff.
There is an open door here.
g - a scroll labelled FAKOAG ODAOG
Found a stone staircase leading down.
There is a stone staircase leading down here.
There is a stone staircase leading down here.
You now have 55 gold pieces (gained 11).
Key pressed, stopping explore.
There is an open door here.
Done exploring.
Done exploring.
Done exploring.
Done exploring.
Done exploring.
(D) Dungeon
Where to? (Enter - D:2, ? - help)
There is a stone staircase leading down here.
You climb downwards.
There is a stone staircase leading up here.
There is a stone staircase leading up here.
You open the door.
A quokka comes into view.
Found 12 stones.
A quokka is nearby!
A quokka is nearby!
There is an open door here.
The quokka misses you.
You hit the quokka but do no damage. The quokka barely misses you.
The quokka bites you.
A quokka is nearby!
A quokka is nearby!
You hit the quokka but do no damage. The quokka bites you.
You closely miss the quokka. The quokka barely misses you.
You hit the quokka.
The quokka is moderately wounded.
The quokka bites you.
Casting: Sandblast (safe; 4% risk of failure)
Confirm with . or Enter, or press ? or * to list all spells.
Aiming: Sandblast (safe; 4% risk of failure)
Press: ? - help, Shift-Dir - straight line, f - quokka
Aim: a quokka (moderately wounded, 29% to evade)
The blast of sand hits the quokka.
You kill the quokka!
Magic restored.
HP restored.
b - 90 stones (gained 12)
You open the door.
A frilled lizard comes into view.
A frilled lizard is nearby!
A frilled lizard is nearby!
A frilled lizard is nearby!
A quokka comes into view.
There is an open door here.
Press: ? - help, Shift-Dir - straight line, f - quokka
Aim: a quokka The splash of poison hits the quokka.
The quokka is heavily wounded.
The quokka bites you.
You closely miss the quokka.
The quokka is heavily wounded.
The quokka barely misses you.
You miss the quokka.
The quokka is heavily wounded.
The quokka closely misses you. x2
You hit the quokka but do no damage.
The quokka is heavily wounded.
You have got your breath back.
The quokka closely misses you.
You barely miss the quokka.
The quokka is heavily wounded.
The quokka closely misses you.
You barely miss the quokka.
The quokka is heavily wounded.
The quokka bites you.
You miss the quokka.
The quokka is heavily wounded.
The quokka barely misses you.
You closely miss the quokka.
The quokka is heavily wounded.
The quokka closely misses you. The quokka bites you.
You are too injured to fight recklessly!
You are too injured to fight recklessly!
Casting: Sandblast (safe; 4% risk of failure)
Confirm with . or Enter, or press ? or * to list all spells.
Aiming: Sandblast (safe; 4% risk of failure)
Press: ? - help, Shift-Dir - straight line, f/p - quokka
Aim: a quokka (heavily wounded, 29% to evade)
The blast of sand hits the quokka.
You kill the quokka!
Casting: Sandblast (safe; 4% risk of failure)
Confirm with . or Enter, or press ? or * to list all spells.
Aiming: Sandblast (safe; 4% risk of failure)
Press: ? - help, Shift-Dir - straight line, f - frilled lizard
Aim: a frilled lizard (34% to evade)
The blast of sand hits the frilled lizard!
You kill the frilled lizard!
You see here a quokka corpse.
Found 15 bolts.
h - 2 scrolls labelled HIEMMIRIMM A goblin comes into view.
It is wielding a +0 dagger.
A goblin is nearby!
A kobold comes into view. It is wielding a +0 club.
You closely miss the goblin.
The goblin shouts!
The kobold shouts!
The goblin hits you but does no damage.
You hit the goblin.
You kill the goblin!
Things that are here:
a +0 dagger; a goblin corpse The kobold hits you with a +0 club.
You hit the kobold.
You kill the kobold!
No target in view!
No target in view!
No target in view!
b - 89 stones (gained 1)
Things that are here:
a +0 club; a kobold corpse You now have 69 gold pieces (gained 14).
A rat comes into view.
A rat is nearby!
A rat is nearby!
The helpless rat fails to defend itself.
You puncture the rat!
You kill the rat!
No target in view!
No target in view!
You see here a rat corpse.
You see here a rat corpse. 2 orcs come into view.
There are monsters nearby!
There are monsters nearby!
There is an open door here.
An orc comes into view.
It is wielding a +2 falchion of electrocution.
The orc shouts! x3
An orc comes into view. It is wielding a +0 mace of protection.
The orc shouts!
You hear a shout!
There is an open door here.
Press: ? - help, Shift-Dir - straight line, f - orc
Aim: an orc, wielding a +0 war axe The splash of poison hits the orc!
The orc is poisoned.
You kill the orc!
Casting: Sandblast (safe; 4% risk of failure)
Confirm with . or Enter, or press ? or * to list all spells.
Aiming: Sandblast (safe; 4% risk of failure)
Press: ? - help, Shift-Dir - straight line, f - orc
Aim: an orc, wielding a +0 club (21% to evade)
The blast of sand hits the orc.
The orc is moderately wounded.
Casting: Sandblast (safe; 4% risk of failure)
Confirm with . or Enter, or press ? or * to list all spells.
Aiming: Sandblast (safe; 4% risk of failure)
Press: ? - help, Shift-Dir - straight line, f/p - orc
Aim: an orc, wielding a +0 club (lightly wounded, 21% to evade)
The blast of sand misses the orc.
The blast of sand hits the orc.
The orc is moderately wounded.
The orc hits you with a +0 club!
Casting: Sandblast (safe; 4% risk of failure)
Confirm with . or Enter, or press ? or * to list all spells.
Aiming: Sandblast (safe; 4% risk of failure)
Press: ? - help, Shift-Dir - straight line, f/p - orc
Aim: an orc, wielding a +0 club (lightly wounded, 21% to evade)
You miscast Sandblast.
You are very lightly contaminated with residual magic.
Nothing appears to happen.
The orc closely misses you.
Casting: Sandblast (safe; 4% risk of failure)
Confirm with . or Enter, or press ? or * to list all spells.
Aiming: Sandblast (safe; 4% risk of failure)
Press: ? - help, Shift-Dir - straight line, f/p - orc
Aim: an orc, wielding a +0 club (lightly wounded, 21% to evade)
The blast of sand hits the orc!
You kill the orc!
You have got your breath back.
Casting: Sandblast (safe; 4% risk of failure)
Confirm with . or Enter, or press ? or * to list all spells.
Aiming: Sandblast (safe; 4% risk of failure)
Press: ? - help, Shift-Dir - straight line, f - orc
Aim: an orc, wielding a +0 mace of protection and wearing a +0 leather armour (21% to evade)
The blast of sand hits the orc but does no damage.
Casting: Sandblast (safe; 4% risk of failure)
Confirm with . or Enter, or press ? or * to list all spells.
Aiming: Sandblast (safe; 4% risk of failure)
Press: ? - help, Shift-Dir - straight line, f/p - orc
Aim: an orc, wielding a +0 mace of protection and wearing a +0 leather armour (21% to evade)
The blast of sand hits the orc.
The orc is lightly wounded.
* * * LOW MAGIC WARNING * * *
The orc hits you with a +0 mace of protection!
* * * LOW HITPOINT WARNING * * *
Press: ? - help, Shift-Dir - straight line, f/p - orc
Aim: an orc, wielding a +0 mace of protection and wearing a +0 leather armour (lightly wounded)
The splash of poison hits the orc but does no damage.
The orc is poisoned.
The orc is lightly wounded.
The orc barely misses you.
Okay, then.
Okay, then.
Your magical contamination has completely faded away.
The orc hits you with a +0 mace of protection.
* * * LOW HITPOINT WARNING * * *
Casting: Sandblast (safe; 4% risk of failure)
Confirm with . or Enter, or press ? or * to list all spells.
Aiming: Sandblast (safe; 4% risk of failure)
Press: ? - help, Shift-Dir - straight line, f - orc, p - orc
Aim: an orc, wielding a +2 falchion of electrocution and wearing a +0 leather armour (moderately wounded, 21% to evade)
The blast of sand hits the orc.
You kill the orc!
* * * LOW MAGIC WARNING * * *
You have got your breath back.
The orc looks more healthy.
The orc hits you with a +0 mace of protection!
* * * LOW HITPOINT WARNING * * *
Press: ? - help, Shift-Dir - straight line, f - orc
Aim: an orc, wielding a +0 mace of protection and wearing a +0 leather armour (heavily wounded)
The splash of poison misses the orc.
The orc hits you with a +0 mace of protection.
You die...

#.. #.# #.# ..# #.#
..# #.# ...# #.#
#...## #######.#
#.....# #......@##
##.......
#.####.o)####........
#.# #..#†..))........
#.# #.###.###........
#.# #..#.## ##.......
#.# #.#.## #.....#
#.###.#.# #...##
#.......# #'##
#####.### .#


You could see an orc.

Vanquished Creatures
  A worm (D:2)
  4 orcs
  4 bats
  5 goblins
  A hobgoblin (D:1)
  4 jackals (D:2)
  4 oozes
  3 quokkas
  A ball python (D:1)
  5 frilled lizards
  5 kobolds
  5 rats
42 creatures vanquished.

Vanquished Creatures (others)
  4 plants (D:1)
4 creatures vanquished.

Grand Total: 46 creatures vanquished

Notes
Turn   | Place    | Note
-------+----------+-------------------------------------------
     0 | D:1      | sleeves the Naga Earth Elementalist began the quest for the
                  | Orb.
     0 | D:1      | Reached XP level 1. HP: 15/15 MP: 3/3
   166 | D:1      | Reached XP level 2. HP: 16/22 MP: 5/5
   501 | D:1      | Reached skill level 4 in Stealth
  1170 | D:2      | Reached XP level 3. HP: 28/28 MP: 4/6
  1330 | D:2      | HP: 14/28 [jackal (2)]
  2325 | D:3      | HP: 13/28 [orc/+0 mace of protection (7)]
  2330 | D:3      | HP: 3/28 [orc/+0 mace of protection (10)]
  2331 | D:3      | Slain by an orc

Illustrated notes

Levels and vault maps discovered:
D:1:      ncdulo_watergridlock, layout_rooms, wad_floor_pattern_1,
          serial_bayou_lake_a
D:2:      layout_basic
D:3:      layout_loops_corners, grunt_temple_overflow_open

Skill      XL: |  1  2 |
---------------+-------+-----
Stealth        | 4 |  4.9
Dodging        | |  1.5
Spellcasting   | |  2.0
Transmutations | |  1.0
Earth Magic    | |  3.9

Action                   || total
-------------------------++-------
Melee: Dagger            ||    87
       Unarmed           ||     2
 Cast: Sandblast         ||    15
 Abil: Spit Poison       ||    19
 Stab: Sleeping          ||     6
Armor: Robe              ||    30
Dodge: Dodged            ||    68

Table legend: (Time is in decaauts)
 A = Elapsed time spent in this place.
 B = Non-inter-level travel time spent in this place.
 C = Inter-level travel time spent in this place.
 D = Time resting spent in this place.
 E = Time spent auto-exploring this place.
 F = Levels seen in this place.
 G = Mean time per level.
                   A        B        C        D        E       F      G
               +--------+--------+--------+--------+--------+-----+--------+
         Total |   2924 |   2852 |     72 |    205 |   2180 |   3 |  974.7 |
       Dungeon |   2924 |   2852 |     72 |    205 |   2180 |   3 |  974.7 |
               +--------+--------+--------+--------+--------+-----+--------+

Top non-repeatable levels by time:
     D:2: 1434 daAuts
     D:1: 1057 daAuts
     D:3: 431 daAuts
